 Dungeon Crawl Stone Soup version 0.29-a0-221-gceb61267dd (webtiles) character file.

Game seed: 3864414439895595962

30260 Ordine the Basher (level 13, 0/82 HPs)
             Began as a Tengu Fighter on Feb 26, 2022.
             Was a High Priest of Okawaru.
             Slain by an eight-headed hydra (2 damage)
             ... while petrified by a basilisk
             ... on level 4 of the Lair of Beasts.
             The game lasted 00:53:42 (20310 turns).

Ordine the Basher (Tengu Fighter)                  Turns: 20310, Time: 00:53:43

Health: 0/82       AC: 17    Str: 21    XL:     13   Next: 50%
Magic:  0/17       EV:  2    Int:  7    God:    Okawaru [*****.]
Gold:   691        SH:  0    Dex: 20    Spells: 6/12 levels left

rFire   + . .      SeeInvis .   a - +6 flail "Faptutuodo" {vorpal, rCorr Str-4 Dex+4}
rCold   + + .      Faith    .   L - +0 kite shield
rNeg    + + +      Spirit   +   Q - +1 plate armour of Impermeability {rPois rC+ Int-2}
rPois   ∞          Reflect  .   S - +2 hat
rElec   .          Harm     .   f - scarf {rC+ rF+}
rCorr   +          Rampage  .   X - +0 pair of gloves
Will    .....                   (boots unavailable)
Stlth   ..........              u - amulet of guardian spirit
HPRegen 0.23/turn               I - +6 ring of strength
MPRegen 0.15/turn               (no ring)

@: petrified, flying quickly and evasively, quick
A: beak, talons 3, nimble flight
a: Renounce Religion, Heroism, Finesse, Duel


You were on level 4 of the Lair of Beasts.
You worshipped Okawaru.
Okawaru was extremely pleased with you.
You visited 3 branches of the dungeon, and saw 14 of its levels.
You also visited: Bailey and Volcano.

You collected 1071 gold pieces.
You spent 380 gold pieces at shops.

Inventory:

Hand Weapons
 a - the +6 flail "Faptutuodo" (weapon) {vorpal, rCorr Str-4 Dex+4}
   (You bought it in a shop on level 8 of the Dungeon)

   It inflicts extra damage upon your enemies.
   Str:       It affects your strength (-4).
   Dex:       It affects your dexterity (+4).
   rCorr:     It protects you from acid and corrosion.
 y - the +2 whip "Ordine's Doom" {speed, MP+9}
   (You found it on level 4 of the Dungeon)

   Attacks with this weapon are significantly faster.
   MP:        It affects your magic capacity (+9).
Missiles
 b - 2 atropa-tipped darts
 h - 5 silver boomerangs
 i - 4 throwing nets
 j - 24 boomerangs (quivered)
 C - 45 poisoned darts
 K - 10 datura-tipped darts
 M - 2 silver javelins
 T - 7 javelins
 U - 2 curare-tipped darts
Armour
 c - a +4 ring mail of fire resistance
 f - a scarf of resistance (worn)
 B - +0 acid dragon scales
 L - a +0 kite shield (worn)
 Q - the +1 plate armour of Impermeability (worn) {rPois rC+ Int-2}
   (Okawaru gifted it to you on level 9 of the Dungeon)

   Int:       It affects your intelligence (-2).
   rC:        It protects you from cold.
   rPois:     It protects you from poison.
 S - a +2 hat (worn)
 V - the +1 scale mail of the Mackerel {-Tele rC+ rN+ Regen+}
   (Okawaru gifted it to you on level 4 of the Lair of Beasts)

   rC:        It protects you from cold.
   rN:        It protects you from negative energy.
   -Tele:     It prevents most forms of teleportation.
   Regen:     It increases your rate of health regeneration.
 X - a +0 pair of gloves (worn)
Jewellery
 u - an amulet of guardian spirit (around neck)
 I - a +6 ring of strength (left hand)
Wands
 d - a wand of flame (50)
 v - a wand of iceblast (13)
 O - a wand of digging (5)
Scrolls
 e - 3 scrolls of blinking
 g - 7 scrolls of teleportation
 k - 2 scrolls of enchant armour
 n - 4 scrolls of fog
 p - 5 scrolls of fear
 q - a scroll of immolation {unknown}
 r - 3 scrolls of summoning
 t - 4 scrolls of magic mapping
 z - 3 scrolls of amnesia {unknown}
 A - a scroll of acquirement
 D - 2 scrolls of silence {unknown}
 J - 5 scrolls of enchant weapon
Potions
 l - 5 potions of mutation
 m - 4 potions of brilliance
 o - a potion of haste
 s - 3 potions of cancellation {unknown}
 w - 3 potions of lignification {unknown}
 x - 5 potions of curing
 E - 2 potions of magic {unknown}
 F - 3 potions of berserk rage
 G - 3 potions of heal wounds
 H - 4 potions of attraction
 P - 4 potions of invisibility
 R - a potion of degeneration {unknown}
Miscellaneous
 N - a box of beasts


   Skills:
 + Level 10.2 Fighting
 * Level 13.5 Maces & Flails
 + Level 9.5 Throwing
 + Level 7.5 Armour
 + Level 6.9 Dodging
 + Level 6.9 Shields
 + Level 5.0 Invocations
 + Level 6.1 Evocations


You had 6 spell levels left.
You knew the following spells:

 Your Spells              Type           Power      Damage    Failure   Level
a - Apportation           Tloc           0%         N/A       100%        1
b - Blink                 Tloc           0%         N/A       100%        2
c - Portal Projectile     Hex/Tloc       0%         N/A       100%        3

Your spell library contained the following spells:

 Spells                   Type           Power      Damage    Failure   Level
 Slow                     Hex            0%         N/A       100%        1
 Corpse Rot               Necr/Air       0%         N/A       100%        2
 Poisonous Vapours        Pois/Air       0%         N/A       100%        2
 Static Discharge         Conj/Air       0%         N/A       100%        2
 Confusing Touch          Hex            0%         N/A       100%        3
 Inner Flame              Hex/Fire       0%         N/A       100%        3
 Vampiric Draining        Necr           0%         2d6       100%        3
 Cause Fear               Hex            0%         N/A       100%        4
 Dispel Undead            Necr           0%         3d6       100%        4
 Leda's Liquefaction      Hex/Erth       0%         N/A       100%        4
 Sticky Flame             Conj/Fire      0%         2d3       100%        4
 Alistair's Intoxication  Tmut/Pois      0%         N/A       100%        5
 Fireball                 Conj/Fire      0%         3d3       100%        5
 Iskenderun's Battlesphe  Conj           0%         2d6       100%        5
 Manifold Assault         Tloc           0%         N/A       100%        5
 Conjure Ball Lightning   Conj/Air       0%         3x3d6     100%        6
 Orb of Destruction       Conj           0%         9d5       100%        7
 Storm Form               Tmut/Air       0%         N/A       100%        7
 Discord                  Hex            0%         N/A       100%        8
 Call Canine Familiar     Summ           Unusable   N/A       N/A         3

Dungeon Overview and Level Annotations

Branches:
Dungeon (9/15)             Temple (1/1) D:5            Lair (4/6) D:9
 Spider (0/4) Lair:3          Orc (0/2) D:9          Bailey (visited)
Volcano (visited)
  Swamp: Lair:2-4    Shoals: Lair:2-4

Altars:
Ashenzari
Cheibriados
Dithmenos
Elyvilon
Fedhas
Gozag
Hepliaklqana
Kikubaaqudgha
Makhleb
Nemelex Xobeh
Okawaru
Qazlal
Ru
Sif Muna
Trog
Uskayaw
Vehumet
Wu Jian
Xom
Yredelemnul
Zin
The Shining One

Shops:
D:1 *   D:8 (

Annotations:
D:4 dig vault


Innate Abilities, Weirdness & Mutations

You have a beak for a mouth.
You have claws for feet.
Your magical nature lets you fly swiftly and evasively.


Message History

The eight-headed hydra bites you but does no damage. x2
The eight-headed hydra bites you but does no damage.
The eight-headed hydra bites you!
The eight-headed hydra bites you but does no damage.
The eight-headed hydra bites you.
The eight-headed hydra barely misses you.
The eight-headed hydra bites you! The eight-headed hydra bites you.
The eight-headed hydra bites you! The eight-headed hydra bites you! x3
* * * LOW HITPOINT WARNING * * *
The eight-headed hydra bites you but does no damage.
The eight-headed hydra bites you.
* * * LOW HITPOINT WARNING * * *
The eight-headed hydra completely misses you.
The eight-headed hydra bites you but does no damage.
The eight-headed hydra bites you.
* * * LOW HITPOINT WARNING * * *
The eight-headed hydra bites you.
* * * LOW HITPOINT WARNING * * *
The eight-headed hydra bites you but does no damage. x2
The eight-headed hydra bites you!
* * * LOW HITPOINT WARNING * * *
The eight-headed hydra bites you.
* * * LOW HITPOINT WARNING * * *
The eight-headed hydra bites you but does no damage.
The eight-headed hydra bites you.
* * * LOW HITPOINT WARNING * * *
The eight-headed hydra bites you but does no damage.
The eight-headed hydra bites you but does no damage.
The eight-headed hydra bites you!
* * * LOW HITPOINT WARNING * * *
The eight-headed hydra bites you but does no damage.
The eight-headed hydra bites you.
* * * LOW HITPOINT WARNING * * *
The eight-headed hydra bites you but does no damage. x2
The eight-headed hydra bites you!
* * * LOW HITPOINT WARNING * * *
The eight-headed hydra bites you but does no damage.
The eight-headed hydra bites you!
You die...

#..............
#.............
#.............
#P.....$.....
####...........
... #.........
#.###........
##.8.#Dl...<..
#....@#.......
#8.<.8#.......
#.............
##...##.......
#.÷.# .......
#......#.....#
.........###.).
.....#.......
..#......#.....


You could see an eight-headed hydra and a basilisk.

Vanquished Creatures
  An orc warlord (Bailey)
  Fannar (Lair:3)
  Harold (D:7)
  A hydra (Lair:3)
  A centaur warrior (Volcano)
  3 two-headed ogres
  4 death yaks (Lair:2)
  A hell knight (Volcano)
  Pikel (D:5)
  A wolf spider (Lair:3)
  2 orc knights (Bailey)
  2 oklob plants (Lair:2)
  4 elephants (D:8)
  6 cane toads
  Maggie (D:6)
  2 komodo dragons
  An unseen horror (D:7)
  2 trolls (D:8)
  2 polar bears
  Grinder (D:4)
  3 blink frogs (Lair:3)
  3 slime creatures (D:5)
  A wraith (D:9)
  3 basilisks
  4 wyverns (D:9)
  22 yaks
  Eustachio (D:5)
  3 vampire mosquitoes (D:7)
  Menkaure (D:6)
  Edmund (D:5)
  12 water moccasins
  3 sky beasts
  5 ice beasts
  15 orc warriors
  6 black bears
  An ogre (D:5)
  11 wolves
  6 centaurs
  3 phantoms
  7 kobold brigands
  Blork the orc (D:5)
  2 gnoll sergeants
  11 bullfrogs
  3 scorpions
  14 wights
  5 jellies
  3 orc priests
  A wyvern simulacrum (D:9)
  A gnoll shaman (D:8)
  4 hounds
  3 iguanas
  10 orc wizards
  Robin (D:3)
  13 gnolls
  6 adders
  5 white imps
  An ufetubus (D:7)
  4 worms
  3 dart slugs
  46 orcs
  7 ball pythons
  11 endoplasms
  5 giant cockroaches
  25 goblins
  20 hobgoblins
  A jackal (D:3)
  3 quokkas
  3 bats
  4 frilled lizards
  20 kobolds
  15 rats
400 creatures vanquished.

Vanquished Creatures (others)
  An orc wizard (D:9)
  A bush (Lair:2)
  11 fungi
  95 plants
  10 toadstools (D:5)
118 creatures vanquished.

Grand Total: 518 creatures vanquished

Notes
Turn   | Place    | Note
-------+----------+-------------------------------------------
     0 | D:1      | Ordine the Tengu Fighter began the quest for the Orb.
     0 | D:1      | Reached XP level 1. HP: 14/14 MP: 2/2
    60 | D:1      | Found Belotwoh's General Store.
    64 | D:1      | Reached XP level 2. HP: 13/19 MP: 3/3
   194 | D:1      | Reached skill level 3 in Maces & Flails
   201 | D:1      | Learned a level 1 spell: Apportation
   465 | D:1      | Reached XP level 3. HP: 22/23 MP: 4/4
   900 | D:2      | Reached skill level 1 in Throwing
  1017 | D:2      | Found a faded altar of an unknown god.
  1063 | D:2      | Reached XP level 4. HP: 25/28 MP: 5/5
  1322 | D:2      | Reached skill level 4 in Maces & Flails
  1697 | D:1      | Bought a scroll of fog for 24 gold pieces
  1697 | D:1      | Bought a scroll of identify for 24 gold pieces
  2165 | D:3      | Gained mutation: Your magical nature lets you fly swiftly
                  | and evasively. [Tengu growth]
  2165 | D:3      | Reached XP level 5. HP: 30/33 MP: 6/6
  2261 | D:3      | Noticed Robin
  2305 | D:3      | Killed Robin
  2763 | D:3      | Found a shimmering blue altar of Sif Muna.
  2911 | D:3      | Found a glowing golden altar of the Shining One.
  3122 | D:4      | Reached skill level 5 in Maces & Flails
  3122 | D:4      | Reached XP level 6. HP: 34/38 MP: 7/7
  3536 | D:4      | Noticed Grinder
  3557 | D:4      | Killed Grinder
  3558 | D:4      | Reached skill level 6 in Maces & Flails
  3558 | D:4      | Reached XP level 7. HP: 21/44 MP: 3/8
  4235 | D:4      | Identified the +2 whip "Ordine's Doom" {speed, MP+9}
  4244 | D:4      | Found a burning altar of Makhleb.
  4387 | D:5      | Entered Level 5 of the Dungeon
  4406 | D:5      | Reached skill level 5 in Fighting
  4648 | D:5      | Found a staircase to the Ecumenical Temple.
  4672 | D:5      | Reached skill level 7 in Maces & Flails
  4704 | D:5      | Noticed Eustachio
  4718 | D:5      | Reached XP level 8. HP: 35/49 MP: 9/9
  4725 | D:5      | Killed Eustachio
  4882 | D:5      | Noticed Pikel
  4883 | D:5      | Noticed Blork the orc
  4890 | D:5      | Killed Pikel
  4891 | D:5      | Reached skill level 8 in Maces & Flails
  4894 | D:5      | Killed Blork the orc
  4895 | D:5      | Reached skill level 5 in Throwing
  5131 | D:5      | Noticed Edmund
  5157 | D:5      | Killed Edmund
  5349 | D:5      | Reached skill level 9 in Maces & Flails
  5349 | D:5      | Reached XP level 9. HP: 52/53 MP: 10/10
  5531 | D:6      | Noticed Maggie
  5557 | D:6      | Noticed Menkaure
  5585 | D:6      | Killed Menkaure
  5596 | D:6      | Killed Maggie
  5843 | D:6      | Found a shimmering altar of Xom.
  5885 | D:6      | Reached skill level 10 in Maces & Flails
  5927 | D:6      | Learned a level 2 spell: Blink
  5931 | D:6      | Learned a level 3 spell: Portal Projectile
  6465 | Temple   | Entered the Ecumenical Temple
  6582 | Temple   | Became a worshipper of Warmaster Okawaru
  7144 | D:5      | Reached skill level 11 in Maces & Flails
  7144 | D:5      | Reached XP level 10. HP: 54/63 MP: 11/11
  7216 | D:5      | Reached * piety under Okawaru
  7369 | D:5      | Found a sacrificial altar of Ru.
  8097 | D:1      | Bought 2 potions of berserk rage for 120 gold pieces
  8562 | D:7      | Found a broken altar of Ashenzari.
  8982 | D:7      | Killed an unseen horror
  8983 | D:7      | Reached skill level 1 in Dodging
  9150 | D:7      | Noticed a two-headed ogre
  9406 | D:7      | Noticed Harold
  9413 | D:7      | Reached skill level 1 in Evocations
  9424 | D:7      | Killed Harold
  9424 | D:7      | Reached ** piety under Okawaru
  9425 | D:7      | Reached skill level 12 in Maces & Flails
  9606 | D:7      | Killed a two-headed ogre
  9606 | D:7      | Reached *** piety under Okawaru
  9607 | D:7      | Reached skill level 1 in Invocations
  9607 | D:7      | Reached XP level 11. HP: 42/69 MP: 12/12
 10029 | D:8      | Found Beklo's Antique Weapon Shoppe.
 10142 | D:8      | Received a gift from Okawaru
 10174 | D:8      | Noticed a two-headed ogre
 10188 | D:8      | Found a flagged portal.
 10197 | Bailey   | Entered a bailey
 10435 | Bailey   | Noticed an orc knight
 10477 | Bailey   | Killed an orc knight
 10798 | Bailey   | Noticed an orc knight
 10848 | Bailey   | Killed an orc knight
 10848 | Bailey   | Reached **** piety under Okawaru
 10849 | Bailey   | Reached skill level 5 in Armour
 11280 | Bailey   | Noticed an orc warlord
 11326 | Bailey   | Killed an orc warlord
 11683 | D:8      | Killed a two-headed ogre
 11683 | D:8      | Received a gift from Okawaru
 11684 | D:8      | Reached skill level 5 in Shields
 12200 | D:8      | Noticed a two-headed ogre
 12211 | D:8      | Killed a two-headed ogre
 12227 | D:8      | Found an ancient bone altar of Kikubaaqudgha.
 12373 | D:8      | Bought an ancient flail for 212 gold pieces
 12373 | D:8      | Identified the +6 flail "Faptutuodo" {vorpal, rCorr Str-4
                  | Dex+4} (You bought it in a shop on level 8 of the Dungeon)
 12439 | D:8      | Reached skill level 5 in Dodging
 12439 | D:8      | Reached XP level 12. HP: 64/76 MP: 12/15
 13072 | D:9      | Found a staircase to the Orcish Mines.
 13279 | D:9      | Found a snail-covered altar of Cheibriados.
 13314 | D:9      | Reached ***** piety under Okawaru
 14106 | D:9      | Found a staircase to the Lair.
 14234 | D:9      | Identified the +1 plate armour of Impermeability {rPois rC+
                  | Int-2} (Okawaru gifted it to you on level 9 of the Dungeon)
 14234 | D:9      | Received a gift from Okawaru
 15262 | Lair:1   | Entered Level 1 of the Lair of Beasts
 15655 | Lair:1   | Reached skill level 5 in Evocations
 16601 | Lair:2   | Noticed a death yak
 16601 | Lair:2   | Noticed a death yak
 17143 | Lair:2   | Noticed a death yak
 17145 | Lair:2   | Noticed a death yak
 17184 | Lair:2   | Killed a death yak
 17192 | Lair:2   | Killed a death yak
 17198 | Lair:2   | Killed a death yak
 17199 | Lair:2   | Reached skill level 13 in Maces & Flails
 17202 | Lair:2   | Reached XP level 13. HP: 26/82 MP: 6/17
 18020 | Lair:2   | Found a blossoming altar of Fedhas.
 18333 | Lair:3   | Found a hole to the Spider Nest.
 18340 | Lair:3   | Received a gift from Okawaru
 18341 | Lair:3   | Reached skill level 10 in Fighting
 18509 | Lair:3   | Found a dark tunnel.
 18518 | Volcano  | Entered a volcano
 19247 | Lair:3   | Noticed Fannar
 19273 | Lair:3   | Killed Fannar
 19608 | Lair:3   | Received a gift from Okawaru
 19611 | Lair:3   | Reached skill level 5 in Invocations
 20103 | Lair:4   | Identified the +1 scale mail of the Mackerel {-Tele rC+ rN+
                  | Regen+} (Okawaru gifted it to you on level 4 of the Lair of
                  | Beasts)
 20103 | Lair:4   | Received a gift from Okawaru
 20309 | Lair:4   | HP: 2/82 [eight-headed hydra (5)]
 20310 | Lair:4   | Slain by an eight-headed hydra

Illustrated notes

Levels and vault maps discovered:
D:1:      minmay_arrival_diagonal_passages, layout_rooms, serial_shops, shop,
          minmay_rat_gold_closets
D:2:      minmay_inner_zag, layout_basic, ebering_ecumenical_altar_webs,
          dk_noncrumbling_4
D:3:      layout_basic, mainiacjoe_overflow_alcove_1, tso_oasis_becter,
          grunt_ministairs_14, hangedman_feature_mirror, uniq_jessica,
          uniq_robin
D:4:      layout_loops_ring, marbit_many_paths, due_unseen_surprise,
          uniq_grinder
D:5:      cheibrodos_fertilizer, layout_loops_ring,
          mainiacjoe_overflow_brackets, minmay_temple_entry_from_below_b,
          uniq_blork_the_orc, uniq_pikel, uniq_eustachio, uniq_edmund
D:6:      layout_basic, general_overflow_altar, palyth_stone_intersect,
          uniq_maggie, uniq_menkaure
D:7:      layout_basic, ashenzari_altar_1, hangedman_minor_gate_pass,
          uniq_harold
D:8:      wad_woods_stonehenge, layout_cave_pools, enter_bailey_8, serial_shops,
          shop_statue
D:9:      layout_basic, cheibriados_altar_1, minmay_lair_entry_grove,
          orc_0_dummy, serial_ice, serial_ice_n, serial_ice_i, serial_ice_b,
          serial_ice_h, kennysheep_donut
Temple:   regret_index_temple_generic_petals
Lair:1:   layout_loops_ring, grunt_megastairs_5
Lair:2:   layout_roguey, hangedman_tree_tricks, nicolae_lair_grazing_beasts
          [nicolae_sub_lair_graze_edge, nicolae_sub_lair_graze_edge,
          nicolae_sub_lair_graze_edge, nicolae_sub_lair_graze_edge]
Lair:3:   layout_regular_city, spider_nest_entry_rubble,
          nicolae_volcano_entry_two_sided, minivault_26, beast_lair_carwin_10,
          uniq_fannar
Lair:4:   layout_cave_shapes, elwin_shoals_entry_rocks, grunt_megastairs_2

Skill      XL: |  1  2  3  4  5  6  7  8  9 10 11 12 13 |
---------------+----------------------------------------+-----
Maces & Flails | 3 4 5 6 7 9 11 12 13 | 13.5
Throwing       | 1 2 3 5 6 7 8 9 |  9.5
Fighting       | 4 5 6 7 8 9 10 | 10.2
Dodging        | 3 5 6 |  6.9
Evocations     | 2 4 5 6 |  6.1
Armour         | 4 5 7 |  7.5
Invocations    | 1 3 4 5 |  5.0
Shields        | 5 6 |  6.9

Action                   |  1- 3 |  4- 6 |  7- 9 | 10-12 | 13-15 || total
-------------------------+-------+-------+-------+-------+-------++-------
Melee: Flail             |    97 |   130 |    25 |   316 |   183 ||   751
       Kick              |    21 |    29 |   108 |   369 |    68 ||   595
       Peck              |     8 |    14 |    67 |   210 |    43 ||   342
       Whip              |       |       |   257 |   590 |       ||   847
Throw: Boomerang         |       |       |       |     2 |       ||     2
Invok: Heroism           |       |       |       |     4 |     2 ||     6
       Finesse           |       |       |       |     1 |       ||     1
Evoke: Wand              |       |       |       |     1 |       ||     1
  Use: Scroll            |       |     5 |     1 |     5 |     4 ||    15
       Potion            |       |     2 |     5 |     1 |     1 ||     9
 Stab: Invisible         |       |       |     3 |       |       ||     3
Armor: Scale mail        |    32 |    50 |    28 |       |       ||   110
       Acid dragon scale |       |       |     8 |    71 |       ||    79
       Plate armour      |       |       |       |    46 |   100 ||   146
Dodge: Dodged            |    26 |    63 |    60 |   274 |    79 ||   502
Block: Buckler           |    22 |    24 |    30 |   125 |     8 ||   209
       Kite shield       |       |       |       |       |    69 ||    69

Table legend: (Time is in decaauts)
 A = Elapsed time spent in this place.
 B = Non-inter-level travel time spent in this place.
 C = Inter-level travel time spent in this place.
 D = Time resting spent in this place.
 E = Time spent auto-exploring this place.
 F = Levels seen in this place.
 G = Mean time per level.
                   A        B        C        D        E       F      G
               +--------+--------+--------+--------+--------+-----+--------+
         Total |  19044 |  18016 |   1028 |   1115 |  14066 |  16 | 1190.2 |
       Dungeon |  12762 |  11865 |    897 |    492 |   9334 |   9 | 1418.0 |
        Temple |    211 |    181 |     30 |      0 |    165 |   1 |  211.0 |
          Lair |   4081 |   3981 |    100 |    273 |   3227 |   4 | 1020.2 |
        Bailey |   1288 |   1288 |      0 |    184 |    911 |   1 | 1288.0 |
       Volcano |    700 |    700 |      0 |    165 |    428 |   1 |  700.0 |
               +--------+--------+--------+--------+--------+-----+--------+

Top non-repeatable levels by time:
     D:5: 2140 daAuts
     D:9: 1822 daAuts
  Lair:2: 1596 daAuts
     D:8: 1515 daAuts
     D:4: 1388 daAuts
     D:6: 1380 daAuts
     D:3: 1324 daAuts
  Lair:1: 1313 daAuts
     D:7: 1301 daAuts
  Bailey: 1288 daAuts
     D:2: 1059 daAuts
  Lair:3: 949 daAuts
     D:1: 829 daAuts
 Volcano: 700 daAuts
  Lair:4: 221 daAuts
